 Dungeon Crawl Stone Soup version 0.24-a0-184-gcb5ae2c (webtiles) character file.

Game seed: 412585006231432217

16 Dfrag the Grave Robber (level 2, -2/22 HPs)
             Began as a Deep Dwarf Necromancer on Mar 15, 2019.
             Slain by an adder (3 damage)
             ... on level 3 of the Dungeon.
             The game lasted 00:01:07 (812 turns).

Dfrag the Grave Robber (Deep Dwarf Necromancer)      Turns: 812, Time: 00:01:07

Health: -2/22      AC:  2    Str: 11    XL:     2   Next: 41%
Magic:  0/5        EV: 12    Int: 15    God:
Gold:   110        SH:  0    Dex: 13    Spells: 4/5 levels left

rFire    . . .     SeeInvis .   h - +1 short sword (holy)
rCold    . . .     Gourm    .   (no shield)
rNeg     . . .     Faith    .   e - +0 robe (curse)
rPois    .         Spirit   .   (no helmet)
rElec    .         Reflect  .   (no cloak)
rCorr    .         Harm     .   (no gloves)
MR       .....                  (no boots)
Stlth    ++........             (no amulet)
HPRegen  0.00/turn              (no ring)
MPRegen  0.09/turn              (no ring)

@: lethally poisoned (-2 -> -2), very slightly contaminated, non-regenerating
A: damage resistance, heal wounds, sense surroundings 1, no regeneration
a: Heal Wounds


You were on level 3 of the Dungeon.
You were not hungry.

You visited 1 branch of the dungeon, and saw 3 of its levels.

You collected 110 gold pieces.

Inventory:

Hand Weapons
 h - a +1 short sword of holy wrath (weapon)
Armour
 a - a +0 robe
 e - a cursed +0 robe (worn)
Scrolls
 d - a scroll of teleportation {unknown}
 g - a scroll of immolation {unknown}
Potions
 b - a potion of lignification {unknown}
 f - a potion of haste {unknown}
Comestibles
 c - 10 rations


   Skills:
 - Level 2.1 Dodging
 - Level 2.4 Stealth
 * Level 2.4 Spellcasting
 + Level 4.6 Necromancy


You had 4 spell levels left.
You knew the following spells:

 Your Spells              Type           Power        Failure   Level  Hunger
a - Pain                  Necr           ###.         3%          1    #......

Your spell library contained the following spells:

 Spells                   Type           Power        Failure   Level  Hunger
 Animate Skeleton         Necr           N/A          3%          1    #......
 Vampiric Draining        Necr           ###.......   10%         3    ###....
 Animate Dead             Necr           N/A          30%         4    #####..
 Regeneration             Chrm/Necr      Unusable     N/A         3    N/A

Dungeon Overview and Level Annotations

Branches:
Dungeon (3/15)

Altars:


Innate Abilities, Weirdness & Mutations

You are resistant to damage.
You can heal yourself by infusing magical energy.
You passively map a small area around you.
You do not regenerate.


Message History

The adder writhes in agony.
The adder closely misses you. The adder bites you.
* * * LOW HITPOINT WARNING * * *
You are poisoned.
The adder poisons you!
Casting: Pain (safe; 3% risk of failure)
Confirm with . or Enter, or press ? or * to list all spells.
You don't have enough magic to cast that spell.
Unknown command.
You hit the adder.
The adder is almost dead.
The adder closely misses you.
You hit the adder.
The adder is almost dead.
The adder barely misses you. The adder bites you.
You closely miss the adder.
The adder is almost dead.
The adder bites you.
* * * LOW HITPOINT WARNING * * *
The adder bites you.
You die...

####### ......#
##################......#
, , *
..............[.@S......+
####>..###########......#
#....# ####### * #..#.# *
#..#.# , #..#.. * #..##.#
* #..# .#* , , * #..# , ,
, , ,


You could see an adder.

Vanquished Creatures
  A ball python (D:1)
  A bat (D:1)
  4 goblins
  2 hobgoblins
  3 kobolds
  2 frilled lizards (D:1)
  2 rats
15 creatures vanquished.

Notes
Turn   | Place    | Note
-------+----------+-------------------------------------------
     0 | D:1      | Dfrag the Deep Dwarf Necromancer began the quest for the
                  | Orb.
     0 | D:1      | Reached XP level 1. HP: 15/15 MP: 3/3
   200 | D:1      | Reached XP level 2. HP: 13/22 MP: 0/5
   811 | D:3      | HP: 1/22 [adder (3)]
   812 | D:3      | Slain by an adder

Levels and vault maps discovered:
D:1:      lightli_arrival_quake, layout_rooms, wad_floor_pattern_untrapped,
          minmay_tiny_reverse_x
D:2:      layout_basic, grunt_temple_overflow_opulence, marbit_many_paths,
          first_ration, st_stairs_3, minmay_misc_feat_x
D:3:      minmay_chambers_of_twos, layout_basic, hangedman_decor_push

Skill      XL: |  1 |
---------------+----+-----
Spellcasting   | 2 |  2.4
Dodging        | |  2.1
Stealth        | |  2.4
Necromancy     | |  4.6

Action                   || total
-------------------------++-------
Melee: Unarmed           ||    18
       Short sword       ||     3
 Cast: Pain              ||    33
Armor: Robe              ||     3
Dodge: Dodged            ||    21

Table legend:
 A = Non-vault XP
 B = Vault XP
 C = Vault XP percentage of total XP
 D = Non-vault monster count
 E = Vault monster count
 F = Vault count percentage of total count
                 A         B        C        D         E       F
            +---------+---------+-------+---------+---------+-------
      Total |      20 |       4 |  16.7 |      13 |       2 |  13.3
            +---------+---------+-------+---------+---------+-------
        D:1 |      12 |       4 |  25.0 |       8 |       2 |  20.0
        D:2 |       7 |       0 |   0.0 |       4 |       0 |   0.0
        D:3 |       1 |       0 |   0.0 |       1 |       0 |   0.0
            +---------+---------+-------+---------+---------+-------
